3AA
ST. ALBERT PRODIGY @ LANCASTER FARMERS
08/27/2020
 
TOP OF THE 1ST
St. Albert Prodigy batting - Pitching for Lancaster Farmers : LHP Brad Wilson
Pitching: LHP Brad Wilson
Batting: RHB Rodrigo Pagán 0-0: Ball
1-0: Bunt for hit - play at first, batter OUT! 1-3
Batting: RHB Quinn Johnson 0-0: Called Strike
0-1: Foul Ball, location: 2F
0-2: Ball
1-2: Ground out 5-3 (Groundball, 5)
Batting: RHB Layton Templeman 0-0: Called Strike
0-1: Called Strike
0-2: Foul Ball, location: 2F
0-2: Foul Ball, location: 2F
0-2: Ball
1-2: Ball
2-2: Ground out 3-1 (Groundball, 3L)
Top of the 1st over - 0 run(s), 0 hit(s), 0 error(s), 0 left on base; St. Albert 0 - Lancaster 0
BOTTOM OF THE 1ST
Lancaster Farmers batting - Pitching for St. Albert Prodigy : RHP Frank Walker
Pitching: RHP Frank Walker
Batting: LHB Alfonso Martínez 0-0: SINGLE (Flyball, 8LS)
Batting: RHB Eric Howard 0-0: Ball
1-0: SINGLE (Line Drive, 34)
Alfonso Martínez to second
Runner from 2nd tries for 3rd, SAFE, throw made to third
Batting: RHB Adrian Smith 0-0: Foul Ball, location: 2F
0-1: Ball
1-1: Fly out, F8 (Flyball, 8RD)
Runner from 3rd tags up, SCORES, no throw
Batting: SHB Carlos Rodríguez 0-0: Ball
1-0: Ball
2-0: Swinging Strike
2-1: Foul Ball, location: 2F
2-2: Foul Ball, location: 2F
2-2: Ball
3-2: Strikes out looking
Batting: RHB Jason Ruffin 0-0: Foul Ball, location: 2F
0-1: Ball
1-1: Ball
2-1: Fly out, F9 (Popup, 34D)
Bottom of the 1st over - 1 run(s), 2 hit(s), 0 error(s), 1 left on base; St. Albert 0 - Lancaster 1
TOP OF THE 2ND
St. Albert Prodigy batting - Pitching for Lancaster Farmers : LHP Brad Wilson
Batting: RHB Jack O'Brien 0-0: Ball
1-0: SOLO HOME RUN (Flyball, 7D), Distance : 397 ft
Batting: RHB Stan Pierce 0-0: Called Strike
0-1: Ball
1-1: Ball
2-1: Ball
3-1: Ground out 3-1 (Groundball, 34)
Batting: RHB Ron Clark 0-0: Called Strike
0-1: Fly out, F9 (Flyball, 9D)
Batting: RHB Dan Bernard 0-0: Ball
1-0: Called Strike
1-1: Foul Ball, location: 2F
1-2: Fly out, F9 (Flyball, 9D)
Top of the 2nd over - 1 run(s), 1 hit(s), 0 error(s), 0 left on base; St. Albert 1 - Lancaster 1
BOTTOM OF THE 2ND
Lancaster Farmers batting - Pitching for St. Albert Prodigy : RHP Frank Walker
Batting: SHB Arturo Robles 0-0: Ground out 4-3 (Groundball, 4)
Batting: RHB Alan Potts 0-0: Ball
1-0: Ball
2-0: Fly out, F8 (Flyball, 8RM)
Batting: SHB Michel Perrin 0-0: Ball
1-0: Foul Ball, location: 2F
1-1: Ball
2-1: Ball
3-1: Base on Balls
Batting: RHB Alfonso López 0-0: Foul Ball, location: 2F
0-1: Ball
1-1: Swinging Strike
1-2: Ball
2-2: Ball
3-2: SINGLE (Line Drive, 4MD)
Michel Perrin to second
Michel Perrin to third
Batting: LHB Alfonso Martínez 0-0: Ball
Pickoff Throw to First - Out!
Bottom of the 2nd over - 0 run(s), 1 hit(s), 0 error(s), 0 left on base; St. Albert 1 - Lancaster 1
TOP OF THE 3RD
St. Albert Prodigy batting - Pitching for Lancaster Farmers : LHP Brad Wilson
Batting: RHB Marvin Collier 0-0: Ground out 4-3 (Groundball, 4)
Batting: RHB Luke Turner 0-0: Ball
1-0: Called Strike
1-1: Fly out, F7 (Line Drive, 78M)
Batting: RHB Rodrigo Pagán 0-0: Called Strike
0-1: Ball
1-1: Ball
2-1: Ball
3-1: Called Strike
3-2: Base on Balls
Batting: RHB Quinn Johnson 0-0: Ball
1-0: Ball
Rodrigo Pagán steals 2nd base
2-0: Called Strike
2-1: Ball
3-1: Swinging Strike
3-2: Base on Balls
Batting: RHB Layton Templeman 0-0: Ground out 5-3 (Groundball, 5)
Top of the 3rd over - 0 run(s), 0 hit(s), 0 error(s), 2 left on base; St. Albert 1 - Lancaster 1
BOTTOM OF THE 3RD
Lancaster Farmers batting - Pitching for St. Albert Prodigy : RHP Frank Walker
Batting: LHB Alfonso Martínez 0-0: Called Strike
0-1: Ball
1-1: Swinging Strike
1-2: Ball
2-2: SINGLE (Groundball, 4MD)
Batting: RHB Eric Howard 0-0: Ball
1-0: Foul Ball, location: 2F
1-1: Ball
2-1: Fly out, F8 (Line Drive, 8LM)
Batting: RHB Adrian Smith 0-0: Called Strike
0-1: Ball
1-1: Ball
2-1: Ball
3-1: Base on Balls
Alfonso Martínez to second
Batting: SHB Carlos Rodríguez 0-0: Called Strike
0-1: Fly out, F7 (Flyball, 78M)
Batting: RHB Jason Ruffin 0-0: Ground out 4-3 (Groundball, 4)
Bottom of the 3rd over - 0 run(s), 1 hit(s), 0 error(s), 2 left on base; St. Albert 1 - Lancaster 1
TOP OF THE 4TH
St. Albert Prodigy batting - Pitching for Lancaster Farmers : LHP Brad Wilson
Batting: RHB Jack O'Brien 0-0: Ball
1-0: Ball
2-0: Foul Ball, location: 2F
2-1: Ball
3-1: Foul Ball, location: 2F
3-2: Foul Ball, location: 2F
3-2: Strikes out swinging
Batting: RHB Stan Pierce 0-0: Called Strike
0-1: Swinging Strike
0-2: Ball
1-2: Strikes out swinging, 2-3 out at first.
Batting: RHB Ron Clark 0-0: SOLO HOME RUN (Flyball, 78XD), Distance : 423 ft
Batting: RHB Dan Bernard 0-0: Ball
1-0: Called Strike
1-1: Ball
2-1: Called Strike
2-2: Foul Ball, location: 2F
2-2: Strikes out swinging
Top of the 4th over - 1 run(s), 1 hit(s), 0 error(s), 0 left on base; St. Albert 2 - Lancaster 1
BOTTOM OF THE 4TH
Lancaster Farmers batting - Pitching for St. Albert Prodigy : RHP Frank Walker
Batting: SHB Arturo Robles 0-0: Called Strike
0-1: Swinging Strike
0-2: SINGLE (Line Drive, 34D)
Batting: RHB Alan Potts 0-0: Swinging Strike
0-1: Called Strike
0-2: Foul Ball, location: 2F
0-2: Strikes out swinging
Batting: SHB Michel Perrin 0-0: Called Strike
0-1: Called Strike
0-2: Foul Ball, location: 2F
0-2: Strikes out swinging
Batting: RHB Alfonso López 0-0: Ball
1-0: Ball
2-0: Called Strike
2-1: SINGLE (Groundball, 6MD)
Arturo Robles to second
Batting: LHB Alfonso Martínez 0-0: Foul Ball, location: 2F
0-1: Swinging Strike
0-2: Ball
1-2: Foul Ball, location: 2F
1-2: Ball
2-2: Foul Ball, location: 2F
2-2: Ground out 1-3 (Groundball, 25)
Bottom of the 4th over - 0 run(s), 2 hit(s), 0 error(s), 2 left on base; St. Albert 2 - Lancaster 1
TOP OF THE 5TH
St. Albert Prodigy batting - Pitching for Lancaster Farmers : LHP Brad Wilson
Batting: RHB Marvin Collier 0-0: Ball
1-0: Swinging Strike
1-1: Ball
2-1: Foul Ball, location: 2F
2-2: Strikes out swinging
Batting: RHB Luke Turner 0-0: Ball
1-0: Called Strike
1-1: Called Strike
1-2: Ground out 6-3 (Groundball, 6)
Batting: RHB Rodrigo Pagán 0-0: Foul Ball, location: 2F
0-1: Ball
1-1: SINGLE (Groundball, 34)
Batting: RHB Quinn Johnson 0-0: Swinging Strike
0-1: Ball
1-1: Swinging Strike
1-2: Ground out 6-3 (Groundball, 6)
Top of the 5th over - 0 run(s), 1 hit(s), 0 error(s), 1 left on base; St. Albert 2 - Lancaster 1
BOTTOM OF THE 5TH
Lancaster Farmers batting - Pitching for St. Albert Prodigy : RHP Frank Walker
Batting: RHB Eric Howard 0-0: Fly out, F7 (Flyball, 7D)
Batting: RHB Adrian Smith 0-0: Ball
1-0: Ball
2-0: Ball
3-0: Base on Balls
Batting: SHB Carlos Rodríguez 0-0: Called Strike
0-1: SINGLE (Groundball, 6MD)
Adrian Smith to second
Batting: RHB Jason Ruffin 0-0: Ball
1-0: Ball
2-0: Swinging Strike
2-1: Called Strike
2-2: Fly out, F7 (Line Drive, 7M)
Batting: SHB Arturo Robles 0-0: Foul Ball, location: 2F
0-1: Ball
1-1: Ball
2-1: Called Strike
2-2: Ground out 5-3 (Groundball, 5L)
Bottom of the 5th over - 0 run(s), 1 hit(s), 0 error(s), 2 left on base; St. Albert 2 - Lancaster 1
TOP OF THE 6TH
St. Albert Prodigy batting - Pitching for Lancaster Farmers : LHP Brad Wilson
Batting: RHB Layton Templeman 0-0: Called Strike
0-1: Ball
1-1: SINGLE (Line Drive, 8LS)
Batting: RHB Jack O'Brien 0-0: Ball
1-0: Swinging Strike
1-1: Called Strike
1-2: Strikes out swinging
Batting: RHB Stan Pierce 0-0: Ball
1-0: Ball
2-0: Ball
3-0: Base on Balls
Layton Templeman to second
Batting: RHB Ron Clark 0-0: Fly out, F8 (Flyball, 8LS)
Batting: RHB Dan Bernard 0-0: Ground out 1-3 (Groundball, 15S)
Top of the 6th over - 0 run(s), 1 hit(s), 0 error(s), 2 left on base; St. Albert 2 - Lancaster 1
BOTTOM OF THE 6TH
Lancaster Farmers batting - Pitching for St. Albert Prodigy : RHP Frank Walker
Batting: RHB Alan Potts 0-0: Called Strike
0-1: Swinging Strike
0-2: Ball
1-2: Foul Ball, location: 2F
1-2: Ball
2-2: SINGLE (Line Drive, 89S)
Batting: SHB Michel Perrin 0-0: Grounds into double play, 4-6-3 (Groundball, 4)
Batting: RHB Alfonso López 0-0: Ball
1-0: Foul Ball, location: 2F
1-1: Foul Ball, location: 2F
1-2: Fly out, F9 (Line Drive, 9M)
Bottom of the 6th over - 0 run(s), 1 hit(s), 0 error(s), 0 left on base; St. Albert 2 - Lancaster 1
TOP OF THE 7TH
St. Albert Prodigy batting - Pitching for Lancaster Farmers : LHP Brad Wilson
Batting: RHB Marvin Collier 0-0: Called Strike
0-1: Ball
1-1: Foul Ball, location: 2F
1-2: Ball
2-2: Ball
3-2: Foul Ball, location: 2F
3-2: SINGLE (Flyball, 78S)
Pinch Hitting: RHB Barry Welch 0-0: Ball
1-0: Bunted foul
1-1: Ball
2-1: Bunt missed!
2-2: Foul Ball, location: 2F
2-2: Ball
3-2: SINGLE (Flyball, 9LS)
Marvin Collier to second
Marvin Collier to third
Batting: RHB Rodrigo Pagán 0-0: Called Strike
0-1: Ball
1-1: Called Strike
1-2: Strikes out looking
Batting: RHB Quinn Johnson 0-0: Called Strike
0-1: Foul Ball, location: 2F
0-2: Ball
1-2: Grounds into double play, U6-3 (Groundball, 6)
Top of the 7th over - 0 run(s), 2 hit(s), 0 error(s), 1 left on base; St. Albert 2 - Lancaster 1
BOTTOM OF THE 7TH
Lancaster Farmers batting - Pitching for St. Albert Prodigy : RHP Frank Walker
Now at SS: Barry Welch
Batting: LHB Alfonso Martínez 0-0: Called Strike
0-1: Ball
1-1: Ball
2-1: Swinging Strike
2-2: Fly out, F5 (Popup, 5SF)
Batting: RHB Eric Howard 0-0: Called Strike
0-1: Foul Ball, location: 2F
0-2: Ground out 4-3 (Groundball, 4M)
Batting: RHB Adrian Smith 0-0: Ball
1-0: Called Strike
1-1: Ball
2-1: Ball
3-1: Base on Balls
Batting: SHB Carlos Rodríguez 0-0: Ball
1-0: Ball
2-0: Ball
3-0: Base on Balls
Adrian Smith to second
Batting: RHB Jason Ruffin 0-0: Ball
1-0: Fly out, F3 (Popup, 3F)
Bottom of the 7th over - 0 run(s), 0 hit(s), 0 error(s), 2 left on base; St. Albert 2 - Lancaster 1
TOP OF THE 8TH
St. Albert Prodigy batting - Pitching for Lancaster Farmers : LHP Brad Wilson
Batting: RHB Layton Templeman 0-0: Ball
1-0: Ball
2-0: Called Strike
2-1: Foul Ball, location: 2F
2-2: Ground out 5-3 (Groundball, 56S)
Batting: RHB Jack O'Brien 0-0: SINGLE (Line Drive, 78S)
Batting: RHB Stan Pierce 0-0: Called Strike
0-1: Fly out, F7 (Flyball, 78S)
Batting: RHB Ron Clark 0-0: Ball
1-0: Ball
2-0: Foul Ball, location: 2F
2-1: Swinging Strike
2-2: Strikes out swinging
Top of the 8th over - 0 run(s), 1 hit(s), 0 error(s), 1 left on base; St. Albert 2 - Lancaster 1
BOTTOM OF THE 8TH
Lancaster Farmers batting - Pitching for St. Albert Prodigy : RHP Frank Walker
Batting: SHB Arturo Robles 0-0: Ball
1-0: Swinging Strike
1-1: Ball
2-1: Swinging Strike
2-2: Ball
3-2: Foul Ball, location: 2F
3-2: Strikes out swinging
Batting: RHB Alan Potts 0-0: Ball
1-0: Ball
2-0: Ball
3-0: Base on Balls
Pitching: LHP Reynaldo Sánchez
Pinch Hitting: RHB Júlio Santos 0-0: Ball
1-0: Foul Ball, location: 2F
1-1: Grounds into double play, 6-4-3 (Groundball, 6M)
Bottom of the 8th over - 0 run(s), 0 hit(s), 0 error(s), 0 left on base; St. Albert 2 - Lancaster 1
TOP OF THE 9TH
St. Albert Prodigy batting - Pitching for Lancaster Farmers : LHP Brad Wilson
Now in RF: Jim Unknown
Batting: RHB Dan Bernard 0-0: Foul Ball, location: 2F
0-1: SINGLE (Line Drive, 6M)
Pitching: RHP Jim Unknown
Batting: RHB Marvin Collier
Pinch Hitting: LHB Justin Rigney 0-0: Sac Bunt - play at first, batter OUT! 1-4
Dan Bernard to second
Batting: RHB Barry Welch 0-0: Intentional Walk
Pitching: RHP Gonzalo Velásquez
Batting: RHB Rodrigo Pagán 0-0: Ball
1-0: Foul Ball, location: 2F
1-1: Foul Ball, location: 2F
1-2: Fly out, F9 (Flyball, 89M)
Pitching: RHP Craig Fawsyde
Pinch Hitting: LHB Jerry Burnett 0-0: Called Strike
0-1: Ball
1-1: Fly out, F9 (Flyball, 9M)
Top of the 9th over - 0 run(s), 1 hit(s), 0 error(s), 2 left on base; St. Albert 2 - Lancaster 1
BOTTOM OF THE 9TH
Lancaster Farmers batting - Pitching for St. Albert Prodigy : LHP Reynaldo Sánchez
Pitching: RHP Albert Días
Now in LF: Jerry Burnett
Pinch Hitting: SHB Christos Galpin 0-0: Called Strike
Now in LF: Tim Giap 0-1: Ball
1-1: Foul Ball, location: 2F
1-2: Strikes out swinging
Batting: LHB Alfonso Martínez 0-0: Ball
1-0: Called Strike
1-1: Ball
2-1: Swinging Strike
2-2: Foul Ball, location: 2F
2-2: Strikes out swinging
Batting: RHB Eric Howard 0-0: Ground out 5-3 (Groundball, 5)
Bottom of the 9th over - 0 run(s), 0 hit(s), 0 error(s), 0 left on base; St. Albert 2 - Lancaster 1
This league is powered by Out of the Park Baseball, the baseball management simulation game for PC, Mac and Linux
Friday, October 23rd, 2015 - OOTP Baseball 16.9 Build 39